 Dungeon Crawl Stone Soup version 0.28.0-47-ge53b351184 (webtiles) character file.

Game seed: 4859242827093905036

62 Juicyj the Grave Robber (level 4, 0/21 HPs)
             Began as a Vine Stalker Necromancer on Apr 27, 2022.
             Succumbed to Terence's poison
             ... on level 2 of the Dungeon.
             The game lasted 00:05:30 (1796 turns).

Juicyj the Grave Robber (Vine Stalker Necromancer)  Turns: 1796, Time: 00:05:31

Health: 0/21       AC:  2    Str: 11    XL:     4   Next: 8%
Magic:  1/9        EV: 12    Int: 17    God:
Gold:   61         SH:  0    Dex: 14    Spells: 8/9 levels left

rFire   . . .      SeeInvis .   b - +2 spear (vamp)
rCold   . . .      Faith    .   (no shield)
rNeg    . . .      Spirit   +   a - +0 robe
rPois   .          Reflect  .   (no helmet)
rElec   .          Harm     .   (no cloak)
rCorr   .          Rampage  .   (no gloves)
Will    .....                   (no boots)
Stlth   ++........              (no amulet)
HPRegen 0.87/turn               (no ring)
MPRegen 0.11/turn               (no ring)

@: lethally poisoned (0 -> -5)
A: fangs 2, regeneration 1, magic shield, antimagic bite, no potion heal 2
a: no special abilities


You were on level 2 of the Dungeon.
You visited 1 branch of the dungeon, and saw 2 of its levels.

You collected 61 gold pieces.

Inventory:

Hand Weapons
 b - a +2 vampiric spear (weapon)
 h - a +0 short sword
Armour
 a - a +0 robe (worn)
 c - an orb of mayhem
Potions
 d - a potion of brilliance


   Skills:
 + Level 1.7 Dodging
 + Level 2.4 Stealth
 + Level 3.2 Spellcasting
 + Level 4.8 Necromancy


You had 8 spell levels left.
You knew the following spells:

 Your Spells              Type           Power      Damage    Failure   Level
a - Pain                  Necr           76%        1d7       2%          1

Your spell library contained the following spells:

 Spells                   Type           Power      Damage    Failure   Level
 Animate Skeleton         Necr           38%        N/A       2%          1
 Vampiric Draining        Necr           19%        2d7       7%          3
 Animate Dead             Necr           9%         N/A       22%         4
 Agony                    Necr           19%        N/A       54%         5


Dungeon Overview and Level Annotations

Branches:
Dungeon (2/15)

Altars:


Innate Abilities, Weirdness & Mutations

You have extremely sharp teeth.
Your natural rate of healing is unusually fast.
When hurt, damage is shared between your health and your magic reserves.
Your bite disrupts and absorbs the magic of your enemies.
Potions cannot restore your health.


Message History

There is an open door here.
The goblin shouts!
The goblin barely resists.
You hear a shout!
The goblin writhes in agony.
You kill the goblin!
Magic restored.
HP restored.
Things that are here:
a +0 dagger; a goblin corpse You see here a +0 robe.
You now have 61 gold pieces (gained 10).
A hobgoblin comes into view.
The hobgoblin shouts!
The hobgoblin writhes in agony.
The hobgoblin writhes in agony.
You kill the hobgoblin!
Terence the Incautious comes into view.
He is wielding a +2 short sword of venom.
A hobgoblin comes into view.
Terence shouts!
Terence writhes in agony.
Terence writhes in agony.
Terence writhes in agony!
Terence writhes in agony.
Terence writhes in agony.
Terence hits you with a +2 short sword of venom.
You are lethally poisoned!
You are too injured to fight recklessly!
You hit Terence.
You kill Terence!
* * * LOW HITPOINT WARNING * * *
You feel very sick.
Your Spellcasting skill increases to level 3!
You have reached level 4!
You feel stronger.
You begin to heal more quickly.
Okay, then.
You aren't carrying any scrolls.
You completely miss the hobgoblin.
You die...

#.......# #.#****** *,* #.......#
#.# *,* #.......# #.# *,*
#.......# #.# *,* #....[..# #.#
*,* ##.......####.# *,*
.'............# *,*
.#.......####.#########.*********
.#...)...# #...@g......,,,,,,,,,
.######### ###########.*********
.# #######+## .# #.......<# .#
#........# .# #........# .#
#........# .# #........# .#
#........#


You could see a hobgoblin.

Vanquished Creatures
  Terence (D:2)
  A dart slug (D:1)
  9 endoplasms (D:1)
  2 giant cockroaches (D:1)
  4 hobgoblins
  2 quokkas (D:1)
  A bat (D:1)
  A frilled lizard (D:1)
  2 goblins
  4 kobolds (D:1)
  3 rats (D:1)
30 creatures vanquished.

Notes
Turn   | Place    | Note
-------+----------+-------------------------------------------
     0 | D:1      | Juicyj the Vine Stalker Necromancer began the quest for the
                  | Orb.
     0 | D:1      | Reached XP level 1. HP: 9/9 MP: 4/4
   339 | D:1      | Reached XP level 2. HP: 11/13 MP: 4/6
  1177 | D:1      | Reached XP level 3. HP: 13/16 MP: 4/7
  1787 | D:2      | Noticed Terence
  1795 | D:2      | Killed Terence
  1796 | D:2      | Gained mutation: Your natural rate of healing is unusually
                  | fast. [Vine Stalker growth]
  1796 | D:2      | Reached XP level 4. HP: 2/21 MP: 1/9
  1796 | D:2      | Succumbed to Terence's poison

Illustrated notes

Levels and vault maps discovered:
D:1:      beargit_arrival_greenhouse, layout_rooms, minmay_misc_feat_hallway
D:2:      layout_basic, minmay_pentomino_v4, uniq_terence, uniq_sigmund

Skill      XL: |  1  2  3 |
---------------+----------+-----
Spellcasting   | 3 |  3.2
Dodging        | |  1.7
Stealth        | |  2.4
Necromancy     | |  4.8

Action                   |  1- 3 |  4- 6 || total
-------------------------+-------+-------++-------
Melee: Unarmed           |     1 |       ||     1
       Spear             |     1 |     1 ||     2
 Cast: Pain              |    57 |       ||    57
  Use: Scroll            |     6 |       ||     6
       Potion            |     1 |       ||     1
